 Dungeon Crawl Stone Soup version 0.30-a0-782-ge64f9170bb (webtiles) character file.

Game seed: 13568855102559329841

105 HoaS the Shooter (level 4, 0/26 HPs)
             Began as a Gargoyle Hunter on Feb 26, 2023.
             Slain by a gnoll
             ... wielding a +1 spear of flaming
              (1 damage)
             ... on level 2 of the Dungeon.
             The game lasted 00:03:16 (2052 turns).

HoaS the Shooter (Gargoyle Hunter)                  Turns: 2052, Time: 00:03:17

Health: 0/26       AC:  7    Str: 14    XL:     4   Next: 81%
Magic:  4/4        EV: 11    Int: 10    God:
Gold:   155        SH:  0    Dex: 15    Spells: 3/3 levels left

rFire   . . .      SeeInvis .    a - +0 shortbow
rCold   . . .      Faith    .    (shield currently unavailable)
rNeg    + . .      Spirit   .    c - +1 leather armour
rPois   ∞          Reflect  .    (no helmet)
rElec   +          Harm     .    (no cloak)
rCorr   .          Rampage  .    (no gloves)
Will    .....                    (no boots)
Stlth   ++                       (no amulet)
HPRegen 0.24/turn                (no ring)
MPRegen 0.09/turn                (no ring)

@: no status effects
A: sickness immunity, AC +3, negative energy resistance 1, electricity
resistance, torment resistance 1, petrification resistance
a: no special abilities


You were on level 2 of the Dungeon.
You visited 1 branch of the dungeon, and saw 3 of its levels.

You collected 155 gold pieces.

Inventory:

Hand Weapons
 a - a +0 shortbow (weapon)
Armour
 c - a +1 leather armour (worn)
Scrolls
 b - a scroll of immolation
 f - 2 scrolls of enchant armour
 h - a scroll of teleportation
 i - 2 scrolls of fog
 j - 2 scrolls of blinking
 l - a scroll of amnesia {unknown}
Potions
 d - 3 potions of heal wounds
 e - 2 potions of curing
 g - a potion of resistance {unknown}
 k - a potion of might {unknown}
 m - a potion of degeneration {unknown}


   Skills:
 - Level 2.1 Fighting
 + Level 6.0 Ranged Weapons
 - Level 1.5 Dodging
 - Level 1.1 Stealth


You had 3 spell levels left.
You didn't know any spells.
Your spell library contained the following spells:

 Spells                   Type           Power      Damage    Failure   Level
 Beastly Appendage        Tmut           0%         N/A       43%         1
 Wereblood                Tmut           0%         N/A       58%         2
 Inner Flame              Hex/Fire       0%         N/A       82%         3
 Spider Form              Tmut/Pois      0%         N/A       82%         3
 Flame Wave               Conj/Fire      0%         2d4       99%         4
 Sticky Flame             Conj/Fire      0%         2d3       99%         4
 Summon Hydra             Summ           0%         N/A       100%        7
 Sublimation of Blood     Necr           Unusable   N/A       N/A         2

Dungeon Overview and Level Annotations

Branches:
Dungeon (3/15)

Altars:
Ashenzari
Elyvilon


Innate Abilities, Weirdness & Mutations

You are immune to sickness and miasma.
Your stone body is resilient. (AC +3)
You are immune to poison.
You resist negative energy. (rN+)
You are resistant to electric shocks. (rElec)
You are resistant to unholy torment.
You are immune to petrification.


Message History

HP restored.
You climb downwards.
The gnoll barely misses you. The gnoll hits you with a +0 flail!
The gnoll completely misses you. The gnoll closely misses you.
There is a stone staircase leading up here.
The gnoll closely misses you. The gnoll hits you with a +0 flail.
You climb upwards.
There is a stone staircase leading down here.
You are too injured to fight recklessly!
You are too injured to fight recklessly!
You are too injured to fight recklessly!
You are too injured to fight recklessly!
You shoot an arrow. The arrow hits the gnoll!
You kill the gnoll!
Your Ranged Weapons skill increases to level 6!
m - a lumpy pink potion
Things that are here:
a +0 flail; a gnoll corpse You start resting.
HP restored.
Things that are here:
a +0 flail; a gnoll corpse
There is a stone staircase leading down here.
You climb downwards.
The gnoll hits you with a +1 spear of flaming!
The gnoll burns you.
There is a stone staircase leading up here.
The gnoll misses you.
You climb upwards.
There is a stone staircase leading down here.
You shoot an arrow. The arrow hits the gnoll.
The gnoll is lightly wounded.
The gnoll hits you with a +1 spear of flaming!
The gnoll burns you.
* * * LOW HITPOINT WARNING * * *
You shoot an arrow. The arrow closely misses the gnoll.
The gnoll hits you with a +1 spear of flaming.
* * * LOW HITPOINT WARNING * * *
The gnoll burns you.
You die...

#.############ #.#...#
#.#.#.###############
..#.#.^.............#
..#.#....##########.#
.......(.##.# #.#.#
.#...##.###(#####.#.#
.................g#.###
...............)@.....#
......#.#.........#.###
......#.#.#..###.##.#
......#.#.#..# #.####
......#.#.#[.# #.#
....#.#.#.#.<# #.#
....#.#.#.#.####.#
....#.#.#.#....#.#
....#.#.#.####.#.#


You could see a gnoll.

Vanquished Creatures
  Jessica (D:2)
  2 gnolls
  A worm (D:2)
  A dart slug (D:1)
  2 orcs (D:3)
  8 bats
  2 endoplasms (D:1)
  7 giant cockroaches
  4 goblins (D:1)
  5 hobgoblins
  2 quokkas
  3 ball pythons
  4 frilled lizards
  5 kobolds
  4 rats
51 creatures vanquished.

Notes
Turn   | Place    | Note
-------+----------+-------------------------------------------
     0 | D:1      | HoaS the Gargoyle Hunter began the quest for the Orb.
     0 | D:1      | Reached XP level 1. HP: 12/12 MP: 1/1
    83 | D:1      | Reached XP level 2. HP: 17/17 MP: 2/2
   280 | D:1      | Reached XP level 3. HP: 21/21 MP: 3/3
   341 | D:1      | Reached skill level 5 in Ranged Weapons
  1018 | D:2      | Noticed Jessica
  1020 | D:2      | Killed Jessica
  1021 | D:2      | Reached XP level 4. HP: 26/26 MP: 4/4
  1827 | D:3      | Found a white marble altar of Elyvilon.
  1827 | D:3      | Found a broken altar of Ashenzari.
  1989 | D:2      | Reached skill level 6 in Ranged Weapons
  2052 | D:2      | HP: 1/26 [gnoll/+1 spear of flaming (3)]
  2052 | D:2      | Slain by a gnoll

Illustrated notes

Levels and vault maps discovered:
D:1:      dpeg_arrival_orchard, layout_rooms
D:2:      layout_basic, uniq_jessica
D:3:      layout_loops_ring, mainiacjoe_overflow_large_starburst,
          minmay_fractal_squares_gapless_5

Skill      XL: |  1  2  3  4 |
---------------+-------------+-----
Ranged Weapons | 5 6 |  6.0
Fighting       | |  2.1
Dodging        | |  1.5
Stealth        | |  1.1

Action                     |  1- 3 |  4- 6 || total
---------------------------+-------+-------++-------
   Fire: Shortbow          |    95 |    39 ||   134
    Use: Scroll            |     4 |     5 ||     9
 Armour: Leather armour    |     4 |     5 ||     9
  Dodge: Dodged            |    10 |    17 ||    27

Table legend: (Time is in decaauts)
 A = Elapsed time spent in this place.
 B = Non-inter-level travel time spent in this place.
 C = Inter-level travel time spent in this place.
 D = Time resting spent in this place.
 E = Time spent auto-exploring this place.
 F = Levels seen in this place.
 G = Mean time per level.
                   A        B        C        D        E       F      G
               +--------+--------+--------+--------+--------+-----+--------+
         Total |   2091 |   2035 |     56 |    314 |   1382 |   3 |  697.0 |
       Dungeon |   2091 |   2035 |     56 |    314 |   1382 |   3 |  697.0 |
               +--------+--------+--------+--------+--------+-----+--------+

Top non-repeatable levels by time:
     D:2: 998 daAuts
     D:3: 571 daAuts
     D:1: 521 daAuts
